 Dungeon Crawl Stone Soup version 0.25-a0-513-ge77a69270c (webtiles) character file.

Game seed: 8057372348983559841, levelgen mode: classic

2557 EnegeticOcto the Chopper (level 9, 52/82 HPs)
             Began as a Deep Dwarf Fighter on Feb 16, 2020.
             Was a Follower of Makhleb.
             Quit the game on level 7 of the Dungeon.
             The game lasted 00:03:04 (3464 turns).

EnegeticOcto the Chopper (Deep Dwarf Fighter)       Turns: 3464, Time: 00:03:04

Health: 52/82      AC: 16    Str: 23    XL:     9   Next: 31%
Magic:  6/6        EV:  7    Int:  9    God:    Makhleb [*.....]
Gold:   342        SH: 10    Dex: 12    Spells: 8/8 levels left

rFire    + . .     SeeInvis .   B - -1 hand axe (curse)
rCold    x . .     Gourm    .   c - +0 kite shield
rNeg     . . .     Faith    .   x - +0 plate armour
rPois    .         Spirit   .   u - +1 helmet
rElec    .         Reflect  .   y - +0 cloak
rCorr    .         Harm     .   (no gloves)
MR       +....                  (no boots)
Stlth    ..........             (no amulet)
HPRegen  0.00/turn              z - ring of fire
MPRegen  0.10/turn              (no ring)

@: non-regenerating
A: damage resistance, heal wounds, sense surroundings 2, no regeneration
a: Heal Wounds, Renounce Religion


You were on level 7 of the Dungeon.
You worshipped Makhleb.
Makhleb was aware of your devotion.
You were not hungry.

You visited 2 branches of the dungeon, and saw 8 of its levels.
You also visited: Ossuary.

You collected 342 gold pieces.

Inventory:

Hand Weapons
 a - a +0 war axe
 B - a cursed -1 hand axe (weapon)
Armour
 c - a +0 kite shield (worn)
 u - a +1 helmet (worn)
 x - a +0 plate armour (worn)
 y - a +0 cloak (worn)
Jewellery
 z - a ring of fire (left hand)
Wands
 p - a wand of disintegration (28)
 r - a wand of acid (11) {@V1}
 A - a wand of enslavement (7)
Scrolls
 g - 3 scrolls of teleportation {@r2}
 h - a scroll of fear
 n - 2 scrolls of immolation {@r4}
 o - 2 scrolls of fog
Potions
 d - a potion of might {@q3}
 f - a potion of flight {unknown}
 i - a potion of cancellation
 j - a potion of brilliance
 k - a potion of degeneration {unknown}
 l - a potion of berserk rage {unknown}
 m - a potion of magic {unknown}
 q - 3 potions of agility {unknown}
 s - a potion of haste {unknown}
 t - a potion of resistance {unknown}
 v - a potion of ambrosia {unknown}
Comestibles
 b - 3 chunks of flesh
 e - 6 rations


   Skills:
 * Level 5.6 Fighting
 * Level 7.9 Axes
 + Level 6.2 Armour
 + Level 5.0 Dodging
 + Level 6.2 Shields
 * Level 4.2 Invocations


You had 8 spell levels left.
You didn't know any spells.
Your spell library contained the following spells:

 Spells                   Type           Power        Failure   Level  Hunger
 Magic Dart               Conj           #...         100%        1    ##.....
 Shock                    Conj/Air       #...         100%        1    ##.....
 Searing Ray              Conj           #.....       100%        2    ###....
 Swiftness                Chrm/Air       #.......     100%        2    ###....
 Dazzling Flash           Conj/Hex       #.....       100%        3    ####...
 Static Discharge         Conj/Air       #.......     100%        3    ####...
 Airstrike                Air            #.........   100%        4    #####..
 Fulminant Prism          Conj/Hex       #.........   100%        4    #####..
 Iskenderun's Mystic Bla  Conj/Tloc      #.......     100%        4    #####..
 Lightning Bolt           Conj/Air       #.........   100%        5    ######.


Dungeon Overview and Level Annotations

Branches:
Dungeon (7/15)             Temple (1/1) D:6         Ossuary (visited)

Altars:
Ashenzari
Cheibriados
Dithmenos
Elyvilon
Fedhas
Gozag
Hepliaklqana
Makhleb
Nemelex Xobeh
Okawaru
Qazlal
Ru
Sif Muna
Trog
Uskayaw
Vehumet
Wu Jian
Xom
Yredelemnul
Zin
The Shining One


Innate Abilities, Weirdness & Mutations

You are resistant to damage.
You can heal yourself by infusing magical energy.
You passively map the area around you.
You do not regenerate.


Message History

You see here an arrow.
The centaur shoots an arrow.
The arrow hits you but does no damage.
You see here an arrow.
The centaur shoots an arrow.
You block the arrow.
You see here an arrow.
The centaur unwields a +0 shortbow.
The centaur hits you but does no damage.
You slash the centaur!
The centaur is moderately wounded.
The centaur barely misses you. The centaur hits you.
Your shield and plate armour prevent you from hitting the centaur.
The centaur is moderately wounded.
You block the centaur's attack. The centaur barely misses you.
You hit the centaur but do no damage.
The centaur is moderately wounded.
The centaur hits you.
You hit the centaur but do no damage.
The centaur is moderately wounded.
The centaur hits you but does no damage.
You block the centaur's attack.
You slash the centaur!
The centaur is almost dead.
You block the centaur's attack. The centaur hits you.
You barely miss the centaur.
The centaur is almost dead.
You block the centaur's attack. x2
You hit the centaur.
You kill the centaur!
Makhleb accepts your kill.
No target in view!
No target in view!
Things that are here:
a +0 shortbow; 12 arrows; a centaur corpse You butcher the centaur corpse.
b - 8 chunks of flesh (gained 3)
Things that are here:
a +0 shortbow; 12 arrows; a centaur skeleton
Things that are here:
a +0 shortbow; 12 arrows; a centaur skeleton You now have 342 gold pieces (gained 15).
Found a runed hand axe.
No target in view!
No target in view!
No target in view!
No target in view!
No target in view!
No target in view!
No target in view!
You see here a runed hand axe.
A centaur zombie comes into view.
A centaur zombie is nearby!
Found 15 gold pieces.
Found 23 stones and a mace.
You hit the centaur zombie.
The centaur zombie is lightly damaged.
The centaur zombie completely misses you.
You slash the centaur zombie!
The centaur zombie is moderately damaged.
The centaur zombie barely misses you. You block the centaur zombie's attack.
You completely miss the centaur zombie.
The centaur zombie is moderately damaged.
The centaur zombie hits you.
You slash the centaur zombie!
The centaur zombie is severely damaged.
You block the centaur zombie's attack. x2
Your shield and plate armour prevent you from hitting the centaur zombie.
The centaur zombie is severely damaged.
You block the centaur zombie's attack.
You hit the centaur zombie but do no damage.
The centaur zombie is severely damaged.
You block the centaur zombie's attack. The centaur zombie barely misses you.
Some of the chunks of flesh in your inventory have rotted away.
You slash the centaur zombie!
You destroy the centaur zombie!
Makhleb accepts your kill.
No target in view!
No target in view!
No target in view!
No target in view!
No target in view!
No target in view!
No target in view!
No target in view!
You see here a runed hand axe.
B - a runed hand axe Some of the chunks of flesh in your inventory have rotted away.
It sticks to your hand!
B - a cursed -1 hand axe (weapon)
You can't unwield your weapon to draw a new one!
Unknown command.
Okay, then.
You can't unwield your weapon to draw a new one!
As you read the scroll labeled COELUPAUDGH, it crumbles to dust.
It is a scroll of identify.
i - a potion of cancellation You feel more attuned to fire.
z - a ring of fire (left hand)
As you read the scroll of identify {@r1}, it crumbles to dust.
j - a potion of brilliance Are you sure you want to abandon this character and quit the game? (Confirm with "yes".)

######## ## #...$..# #. #......#
##. #......# #######..
#......#################........
#..............@.........######.
#......################### ##
#......(#* ** * # #......).. ,,
* ## #..........., , , #.
######........ **##.
#................. , ......
#................#* ###... *
**#......≈≈........# #.##


There were no monsters in sight!

Vanquished Creatures
  A hippogriff (D:7)
  A wraith (Ossuary)
  An orc warrior (D:6)
  A sky beast (D:7)
  2 phantoms
  4 ogres
  4 centaurs
  2 bullfrogs (D:6)
  A wyvern skeleton (D:4)
  A scorpion (D:6)
  6 wights
  A howler monkey (D:6)
  4 crimson imps
  A centaur zombie (D:7)
  2 hounds
  Crazy Yiuf (D:7)
  A centaur skeleton (D:4)
  An orc priest (D:7)
  3 orc wizards
  A bullfrog skeleton (D:7)
  An iguana (D:6)
  4 worker ants
  Robin (D:4)
  A howler monkey zombie (D:5)
  5 adders
  A shadow imp (D:6)
  2 adder zombies (Ossuary)
  A dart slug (D:1)
  A leopard gecko (D:2)
  19 orcs
  2 giant cockroaches
  9 goblins
  5 hobgoblins
  2 jackals (D:1)
  A quokka (D:5)
  A ball python skeleton (Ossuary)
  A bat (D:1)
  3 hobgoblin skeletons (Ossuary)
  A hobgoblin zombie (Ossuary)
  2 kobolds (D:1)
  A kobold zombie (Ossuary)
  A leopard gecko skeleton (D:6)
  A leopard gecko zombie (D:5)
  An orc skeleton (Ossuary)
  An orc zombie (Ossuary)
  4 rats (D:1)
  A fungus (D:5)
112 creatures vanquished.

Vanquished Creatures (others)
  2 fungi (D:5)
  4 toadstools (D:5)
6 creatures vanquished.

Grand Total: 118 creatures vanquished

Notes
Turn   | Place    | Note
-------+----------+-------------------------------------------
     0 | D:1      | EnegeticOcto the Deep Dwarf Fighter began the quest for the
                  | Orb.
     0 | D:1      | Reached XP level 1. HP: 20/20 MP: 1/1
   146 | D:1      | Reached XP level 2. HP: 18/27 MP: 2/2
   271 | D:4      | Noticed an ogre
   279 | D:4      | Killed an ogre
   279 | D:4      | Reached skill level 3 in Axes
   279 | D:4      | Reached skill level 1 in Dodging
   279 | D:4      | Reached XP level 3. HP: 14/34 MP: 3/3
   279 | D:4      | Reached XP level 4. HP: 18/42 MP: 4/4
   395 | D:4      | Reached skill level 4 in Axes
   395 | D:4      | Reached XP level 5. HP: 43/49 MP: 5/5
   541 | D:4      | Found a sand-covered staircase.
   560 | D:4      | Found an opulent altar of Gozag.
   583 | Ossuary  | Entered an ossuary
   685 | Ossuary  | Noticed a wraith
   685 | Ossuary  | Noticed a flying skull
   691 | Ossuary  | Noticed a flying skull
   692 | Ossuary  | Noticed a flying skull
   718 | Ossuary  | Noticed a flying skull
   740 | Ossuary  | Reached XP level 6. HP: 44/56 MP: 6/6
   778 | Ossuary  | Noticed a wraith
   820 | Ossuary  | Killed a wraith
  1027 | D:4      | Reached skill level 5 in Axes
  1029 | D:4      | Reached XP level 7. HP: 58/63 MP: 5/5
  1052 | D:4      | Noticed Robin
  1069 | D:4      | Killed Robin
  1134 | D:4      | Found a hazy altar of Hepliaklqana.
  1134 | D:4      | Found a radiant altar of Vehumet.
  1139 | D:4      | Found an ornate altar of the Wu Jian Council.
  1141 | D:4      | Found a shattered altar of Ashenzari.
  1143 | D:4      | Found a stormy altar of Qazlal.
  1246 | D:5      | Entered Level 5 of the Dungeon
  1497 | D:5      | Reached skill level 5 in Armour
  1497 | D:5      | Reached skill level 5 in Shields
  1703 | D:5      | Found a shadowy altar of Dithmenos.
  1789 | D:5      | Reached skill level 6 in Axes
  1998 | D:6      | Found a basalt altar of Yredelemnul.
  2052 | D:6      | Reached XP level 8. HP: 49/73 MP: 4/4
  2081 | D:6      | Found a staircase to the Ecumenical Temple.
  2158 | Temple   | Entered the Ecumenical Temple
  2427 | Temple   | Became a worshipper of Makhleb the Destroyer
  2529 | D:6      | Reached skill level 1 in Invocations
  2686 | D:6      | Reached skill level 7 in Axes
  2718 | D:6      | Reached skill level 5 in Fighting
  3030 | D:6      | Gained mutation: You passively map the area around you.
                  | [Deep Dwarf growth]
  3030 | D:6      | Reached XP level 9. HP: 47/81 MP: 6/6
  3159 | D:7      | Reached * piety under Makhleb
  3193 | D:7      | Reached skill level 5 in Dodging
  3309 | D:7      | Found a runed translucent door.
  3310 | D:7      | Noticed Crazy Yiuf
  3322 | D:7      | Killed Crazy Yiuf
  3464 | D:7      | Quit the game

Levels and vault maps discovered:
D:1:      roderic_octagonal_star, layout_basic, minmay_tetromino_l2
D:2:      layout_loops_corners
D:3:      layout_loops_cross
D:4:      layout_loops_ring, chequers_temple_overflow_minitemple, first_ration,
          enter_ossuary_1, minmay_misc_feat_tiny, grunt_gozag_breadcrumbs,
          uniq_robin
D:5:      layout_loops_ring, overflow_temple_1_default,
          minmay_gold_behind_fungi, grunt_ministairs_8
D:6:      layout_gridville, minmay_temple_entry_glass, yredelemnul_altar_generic
D:7:      layout_rooms, chequers_serial_rivers_small_3, uniq_crazy_yiuf_cottage
Temple:   minmay_temple_curvy_branch

Skill      XL: |  1  2  3  4  5  6  7  8  9 |
---------------+----------------------------+-----
Fighting       | 3 4 5 |  5.6
Axes           | 3 4 5 6 7 |  7.9
Dodging        | 1 2 3 4 5 |  5.0
Armour         | 4 5 6 |  6.2
Shields        | 4 5 6 |  6.2
Invocations    | 3 4 |  4.2

Action                   |  1- 3 |  4- 6 |  7- 9 || total
-------------------------+-------+-------+-------++-------
Melee: War axe           |    62 |   127 |   415 ||   604
 Abil: Heal Wounds       |     1 |     8 |    19 ||    28
  Use: Scroll            |       |       |    10 ||    10
  Eat: Chunk             |       |       |    10 ||    10
Armor: Scale mail        |    32 |     2 |       ||    34
       Chain mail        |       |    57 |   105 ||   162
       Plate armour      |       |       |   124 ||   124
Dodge: Dodged            |    25 |    37 |   112 ||   174
Block: Kite shield       |    49 |    69 |   238 ||   356

Table legend:
 A = Non-vault XP
 B = Vault XP
 C = Vault XP percentage of total XP
 D = Non-vault monster count
 E = Vault monster count
 F = Vault count percentage of total count
                 A         B        C        D         E       F
            +---------+---------+-------+---------+---------+-------
      Total |    3174 |     480 |  13.1 |      84 |      27 |  24.3
            +---------+---------+-------+---------+---------+-------
        D:1 |      24 |       0 |   0.0 |      14 |       0 |   0.0
        D:2 |       3 |       0 |   0.0 |       1 |       0 |   0.0
        D:3 |       9 |       0 |   0.0 |       3 |       0 |   0.0
        D:4 |     370 |      36 |   8.9 |       8 |      11 |  57.9
        D:5 |     474 |      55 |  10.4 |      14 |       2 |  12.5
        D:6 |    1501 |       0 |   0.0 |      29 |       0 |   0.0
        D:7 |     793 |      41 |   4.9 |      15 |       1 |   6.2
    Ossuary |       0 |     348 | 100.0 |       0 |      13 | 100.0
            +---------+---------+-------+---------+---------+-------
